Cogmind - Beta 10.2 --- EXPLORER MODE // 2021.02.05 @ 14:12:56 Player: taylor Result: Destroyed by S-10 Pest with Light Assault Rifle Performance ------------- Evolutions (1) 500 Regions Visited (3) 600 Robots Destroyed (10) 50 Value Destroyed (243) 243 Prototype IDs (1) 20 Alien Tech Used (0) 0 Bonus (0) 0 TOTAL SCORE: 1413 Bonus ------- None Cogmind --------- Core Integrity 0/400 Matter 300/300 Energy 100/100 System Corruption 0% Temperature Cool (0) Movement Core (50) Location -9/Storage Parts ------- > --- POWER (2) -------- (None) > --- PROPULSION (3) --- (None) > --- UTILITY (3) ------ Disposable Heat Sink > --- WEAPON (2) ------- (None) > --- INVENTORY (4) ---- Disposable Heat Sink Large Storage Unit Peak State ------------ > --- POWER ------------ Ion Engine Light Ion Engine > --- PROPULSION ------- Aluminum Leg Aluminum Leg Aluminum Leg > --- UTILITY ---------- Disposable Heat Sink ECM Suite Core Shielding > --- WEAPON ----------- Medium Laser Advanced Beam Cannon > --- INVENTORY -------- Disposable Heat Sink Large Storage Unit [Rating: 13] Favorites ----------- Power Light Ion Engine Engine Light Ion Engine Propulsion Aluminum Leg Leg Aluminum Leg Utility Core Shielding Device ECM Suite Protection Core Shielding Weapon Small Laser Energy Gun Small Laser Energy Cannon Advanced Beam Cannon Build | -11 -10 -9 -9 ------- Run | Scr Mat Mat Sto Slots Evolved 3 | . 1 2 . Power 1 | . 1 . . Propulsion 1 | . . 1 . Utility 1 | . . 1 . Weapon . | . . . . Parts Attached 13 | 6 1 5 1 Power 2 | 1 . 1 . Engine 2 | 1 . 1 . Core . | . . . . Reactor . | . . . . Propulsion 3 | 2 . 1 . Treads . | . . . . Leg 3 | 2 . 1 . Wheel . | . . . . Hover . | . . . . Flight . | . . . . Utility 3 | 2 . 1 . Device 2 | 1 . 1 . Storage . | . . . . Processor . | . . . . Hackware . | . . . . Protection 1 | 1 . . . Artifact . | . . . . Weapon 5 | 1 1 2 1 Energy Gun 4 | 1 1 2 . Energy Cannon 1 | . . . 1 Ballistic Gun . | . . . . Ballistic Cannon . | . . . . Launcher . | . . . . Special Weapon . | . . . . Impact Weapon . | . . . . Slashing Weapon . | . . . . Piercing Weapon . | . . . . Special Melee Weapon . | . . . . Unidentified Prototypes 1 | . . . 1 Parts Lost 7 | . . . 7 Power 2 | . . . 2 Propulsion 1 | . . . 1 Utility 2 | . . . 2 Weapon 2 | . . . 2 Highest Loss Streak 4 | . . . 4 Average Slot Usage (%) 83 | . 84 90 70 Engine 14 | . 12 16 14 Leg 24 | . 25 27 19 Device 16 | . 12 20 17 Protection 10 | . 12 10 9 Energy Gun 17 | . 22 17 7 Naked Turns . | . . . . Heaviest Build 17 | 6 8 14 17 Greatest Support 30 | 20 20 30 30 Greatest Overweight (x) 1 | 1 . . . Average Overweight (x) . | . . . . Largest Inventory Capacity 4 | 4 4 4 4 Average Capacity 4 | 4 4 4 4 Most Carried 4 | 4 2 3 3 Average Carried 1 | . 1 2 2 Final Capacity 4 | 4 4 4 4 Final Carried 3 | . 2 3 2 Class Distribution -------------------- 100% | Hacker-Mutant Dominant Class ---------------- Hacker-Mutant | -10/Materials Hacker-Mutant | -9/Materials Hacker-Mutant | -9/Storage Resources | -11 -10 -9 -9 ----------- Run | Scr Mat Mat Sto Matter Collected 320 | 207 63 50 . Remotely . | . . . . Salvage Created 307 | . 45 223 39 Parts 19 | . 5 14 . Haulers Intercepted . | . . . . Recyclers Shooed . | . . . . Parts Field Recycled . | . . . . Retrieved Matter . | . . . . Parts Self-Destructed . | . . . . Prevented . | . . . . Kills | -11 -10 -9 -9 ------- Run | Scr Mat Mat Sto Combat Hostiles Destroyed 8 | . 2 5 1 Guns 7 | . 2 5 . Classes Destroyed 5 | . 2 3 . Builder 1 | . . 1 . Watcher 1 | . 1 . . Swarmer 3 | . 2 1 . Grunt 3 | . . 2 1 Sentry 2 | . . 2 . Best Kill Streak 3 | . 2 3 1 Combat Bots Only 2 | . 2 2 1 Max Kills in Single Turn 1 | . 1 1 1 Gunslinging . | . . . . Exploded . | . . . . Melee . | . . . . Uniques/NPCs Destroyed . | . . . . Combat | -11 -10 -9 -9 -------- Run | Scr Mat Mat Sto Damage Taken 991 | . 89 154 748 Core 409 | . 7 16 386 Absorbed by Shields . | . . . . Core Remaining (%) 98 | 100 97 . . Volleys Fired 42 | . 9 19 14 Largest 2 | . 2 2 2 Hottest 90 | . 90 90 90 Shots Fired 67 | . 18 34 15 Gun 67 | . 18 34 15 Cannon . | . . . . Launcher . | . . . . Special . | . . . . Kinetic . | . . . . Thermal 67 | . 18 34 15 Explosive . | . . . . Electromagnetic . | . . . . Robot Hit Streak 17 | . 4 17 16 Robot Miss Streak 2 | . 1 2 . Penetration Max . | . . . . Secondary Targets 1 | . 1 . . Max Gunslinging Chain 1 | . 1 . . Shots Hit Robots 54 | . 12 27 15 Core Hits 16 | . 4 10 2 Critical Hits . | . . . . Critical Kills . | . . . . Critical Parts Destroyed . | . . . . Melee Attacks . | . . . . Impact . | . . . . Slashing . | . . . . Piercing . | . . . . Sneak Attacks . | . . . . Combat Hostiles . | . . . . Follow-up Attacks . | . . . . Damage Inflicted 578 | . 105 289 184 Guns 567 | . 94 289 184 Cannons . | . . . . Explosions . | . . . . Melee . | . . . . Ramming 11 | . 11 . . Kinetic . | . . . . Thermal 567 | . 94 289 184 Explosive . | . . . . Electromagnetic . | . . . . Impact . | . . . . Slashing . | . . . . Piercing . | . . . . Highest Corruption 2 | . 2 . . Average Corruption 1 | . 1 . . Corruption Purged . | . . . . Effects 3 | . 3 . . Message Errors 1 | . 1 . . Targeting Errors 2 | . 2 . . Overload Shots . | . . . . Overflow Damage . | . . . . Projectiles . | . . . . Explosions . | . . . . Melee . | . . . . Knockbacks . | . . . . Impact . | . . . . Kinetic . | . . . . Secondary . | . . . . Self-Inflicted Damage 5 | . 5 . . Shots . | . . . . Rammed 2 | . 2 . . Targets Rammed 3 | . 3 . . Kicked 1 | . 1 . . Crushed . | . . . . Highest Temperature 198 | . 180 198 197 Average Temperature 93 | . 71 90 120 Received Heat Transfer 384 | . . 66 318 Siege Activations . | . . . . Robots Corrupted . | . . . . Combat Hostiles . | . . . . Parts Fried . | . . . . Impact Corruptions . | . . . . Robots Melted 1 | . . . 1 Combat Hostiles 1 | . . . 1 Parts Melted 2 | . . 1 1 Heat Transferred 1584 | . 272 769 543 Parts Sabotaged . | . . . . Parts Stolen . | . . . . Parts Stripped . | . . . . Power Chain Reactions . | . . . . Missiles Intercepted . | . . . . Alert | -11 -10 -9 -9 ------- Run | Scr Mat Mat Sto Peak Influence 230 | . 87 230 94 Initial 69 | . . 25 69 Average 59 | . 29 91 72 Maximum Alert Level 1 | . . 1 . Low Security (%) 96 | 100 100 90 100 Level 1 3 | . . 9 . Level 2 . | . . . . Level 3 . | . . . . Level 4 . | . . . . Level 5 . | . . . . High Security . | . . . . Max Security . | . . . . Squads Dispatched 3 | . . 2 1 Investigation 1 | . . 1 . Extermination . | . . . . Reinforcement 2 | . . 1 1 Assault . | . . . . Garrison . | . . . . Intercept . | . . . . Construction Impeded . | . . . . Haulers Reinforced . | . . . . Stealth | -11 -10 -9 -9 --------- Run | Scr Mat Mat Sto Distress Signals . | . . . . Communications Jammed . | . . . . Distress Signals . | . . . . Times Spotted 17 | . 4 9 4 Peak Tracking Total 4 | . 2 3 4 Tactical Retreats 2 | . . 1 1 Traps | -11 -10 -9 -9 ------- Run | Scr Mat Mat Sto Traps Triggered 4 | . 3 . 1 Indirectly . | . . . . Trap Hack Attempts . | . . . . Triggered . | . . . . Disarmed . | . . . . Reprogrammed . | . . . . Reused . | . . . . Traps Extracted . | . . . . Installed . | . . . . Triggered . | . . . . Machines | -11 -10 -9 -9 ---------- Run | Scr Mat Mat Sto Machines Disabled . | . . . . Max in Single Turn . | . . . . Machines Sabotaged . | . . . . Garrisons Compromised . | . . . . Overloaded Fab Kills . | . . . . Fab Network Shutdowns . | . . . . Hacking | -11 -10 -9 -9 --------- Run | Scr Mat Mat Sto Machines Accessed 1 | . . 1 . Terminals . | . . . . Fabricators . | . . . . Repair Stations 1 | . . 1 . Recycling Units . | . . . . Scanalyzers . | . . . . Garrison Access . | . . . . Total Hacks 5 | . . 5 . Successful 4 | . . 4 . Failed 1 | . . 1 . Catastrophic . | . . . . Database Lockouts . | . . . . Manual . | . . . . Terminals . | . . . . Fabricators . | . . . . Repair Stations 5 | . . 5 . Recycling Units . | . . . . Scanalyzers . | . . . . Garrison Access . | . . . . Terminal Hacks . | . . . . Fabricator Hacks . | . . . . Repair Station Hacks 4 | . . 4 . Scan Component 2 | . . 2 . Repair 2 | . . 2 . Recycling Unit Hacks . | . . . . Scanalyzer . | . . . . Garrison Access Hacks . | . . . . Unauthorized Hacks . | . . . . Terminals . | . . . . Fabricators . | . . . . Repair Stations . | . . . . Recycling Units . | . . . . Scanalyzers . | . . . . Garrison Access . | . . . . Data Cores Recovered . | . . . . Used . | . . . . Hacking Detections 1 | . . 1 . Full Trace Events 1 | . . 1 . Feedback Events . | . . . . Feedback Blocked . | . . . . Robot Schematics Acquired . | . . . . Robots Built . | . . . . Matter . | . . . . Time . | . . . . Total Robot Build Rating . | . . . . Part Schematics Acquired . | . . . . Parts Built . | . . . . Matter . | . . . . Time . | . . . . Total Part Build Rating . | . . . . Parts Repaired 2 | . . 2 . Time 52 | . . 52 . Parts Recycled . | . . . . Recycled Matter . | . . . . Retrieved Matter . | . . . . Retrieved Components . | . . . . Parts Scanalyzed . | . . . . Part Schematics Acquired . | . . . . Parts Damaged . | . . . . Bothacking | -11 -10 -9 -9 ------------ Run | Scr Mat Mat Sto Used RIF Installer . | . . . . Robots Hacked . | . . . . Non-combat . | . . . . Combat . | . . . . Robot Hacks Applied . | . . . . Relay Couplers Released . | . . . . Robots Rewired . | . . . . Allies Hacked . | . . . . Hacks Repelled . | . . . . Allies | -11 -10 -9 -9 -------- Run | Scr Mat Mat Sto Total Allies . | . . . . Largest Group . | . . . . Highest-Rated Group . | . . . . Highest-Rated Ally . | . . . . Total Orders . | . . . . Ally Attacks . | . . . . Total Damage . | . . . . Kills . | . . . . Allies Corrupted . | . . . . Allies Melted . | . . . . Intel | -11 -10 -9 -9 ------- Run | Scr Mat Mat Sto Robot Analysis Total . | . . . . Derelict Logs Recovered . | . . . . Drone Launches . | . . . . Drone Recoveries . | . . . . Exploration | -11 -10 -9 -9 ------------- Run | Scr Mat Mat Sto Turns Passed 989 | 48 372 347 222 Spaces Moved 561 | 35 282 158 86 Core 16 | 16 . . . Treads . | . . . . Legs 545 | 19 282 158 86 Wheels . | . . . . Hover . | . . . . Flight . | . . . . Fastest Speed 50 | 50 120 120 120 Average Speed 118 | 103 120 120 120 Slowest Speed 120 | 120 120 120 120 Overloaded Moves . | . . . . Propulsion Burnouts . | . . . . Robots Hopped . | . . . . Cave-ins Triggered . | . . . . Exploration Rate (%) 16 | 4 29 19 12 Regions Visited 3 Branch Regions 1 Pre-discovered Areas . | . . . . Known Exits Taken 3 | 1 1 1 . Unknown Exits Taken . | . . . . Scrap Searched . | . . . . Spaces Dug . | . . . . Terrain Destroyed . | . . . . Melee . | . . . . Projectile . | . . . . AOE . | . . . . Terrain Rammed . | . . . . Walls Destroyed . | . . . . Machines Disabled . | . . . . Actions | -11 -10 -9 -9 --------- Run | Scr Mat Mat Sto Total 813 | 46 297 281 189 Wait 182 | . . 94 88 Move 558 | 34 281 157 86 Hop . | . . . . Pick Up 15 | 6 3 6 . Fast Attach . | . . . . Attach 13 | 6 1 5 1 Detach . | . . . . Swap . | . . . . Drop . | . . . . Fire 42 | . 9 19 14 Melee . | . . . . Ram . | . . . . Kick 3 | . 3 . . Crush . | . . . . Escape Stasis . | . . . . Rewire . | . . . . Trap . | . . . . Miscellaneous . | . . . . Route ------- -11/Scrapyard -10/Materials -9/Materials -9/Storage History --------- Turn | Location | Event 13 | -11/Scrapyard | Identified exit to Materials 13 | -11/Scrapyard | Discovered exit to Materials (range 16) 49 | -11/Scrapyard | Entered Materials 49 | -10/Materials | Evolved 1 slot: Power x1 179 | -10/Materials | Identified exit to Materials 179 | -10/Materials | Discovered exit to Materials (range 4) 306 | -10/Materials | Build established: Hacker-Mutant 421 | -10/Materials | Entered another Materials area 421 | -9/Materials | Evolved 2 slots: Propulsion x1, Utility x1 456 | -9/Materials | Repaired Sml. Laser 486 | -9/Materials | Repaired Med. Laser 623 | -9/Materials | Identified exit to Storage 623 | -9/Materials | Discovered exit to Storage (range 11) 768 | -9/Materials | Entered Storage 959 | -9/Storage | Core integrity fell below 50% 968 | -9/Storage | Lost 4 parts (2p1n1u) 980 | -9/Storage | Core integrity fell below 20% 990 | -9/Storage | Destroyed by S-10 Pest with Light Assault Rifle Last Messages --------------- G-34 Mercenary heat damages core (-4). Aluminum Leg melted. Med. Laser destroyed. Triggered Blade Trap. Massive razor-sharp blades shoot up from within the floor. Aluminum Leg severed. Faulty Adv. Beam Cannon severed. Aluminum Leg severed. K-01 Serf collects debris. Lgt. Ion Engine destroyed. ALERT: Hostiles spotted, dispatching reinforcements to Terminal S008. Ion Engine destroyed. Aluminum Leg destroyed. ECM Suite destroyed. K-01 Serf collects debris. R-06 Scavenger collects Aluminum Leg. R-06 Scavenger collects Faulty Adv. Beam Cannon. R-06 Scavenger collects Aluminum Leg. U-05 Engineer lays Concrete. Core Shielding destroyed. Map ----- +----------------------------------------------------+ | ??????????????????????????????????????? | | ??????????????????????????????????????? | | ??????????????????????????????????????? | | ??????????????????????????????????????? | | ??????????????????????????????????????? | | ??????????????????????????????????????? | | ??????????????????????????????????????? | | ??????????????????????????????????????? | | ??????????????????????????????????????? | | ??????????????????????????????????????? | | ??????????????????????????????????????? | | ??????????????????????????????????????? | | ?????????????????????????#????????????? | | ????????????????????????? ????????????? | | ????????????????????????? ????????????? | | ????????????????????????? ????????????? | | ????????????????????????? ????????????? | | ????????????????????????# #???????????? | | ????????????????????????# #???????????? | | ????????????????????????+ ???????????? | | ????? ??????????????????# #???????????? | | ???# ??????????????????# #???????????? | | "#?# ??????????????????# +????#??????? | | ? ?# ###???????????????# #?? #??????? | | ?? # ????????########s# #??????? | | ?? # ? u @/ #??????? | | ???/ ????????######## # #??????? | | ???# ???????????????# #?? #??????? | | ???? % ???????????????# #????#??????? | | ????# #???????????????#Y#???????????? | | ????# #???????????????# #???????????? | | ????# #???????????????# #?#?????????? | | ????# #???????????????# #T#?????????? | | ????# ################# # "?????????? | | ????# + "?????????? | | ????# ################### "?????????? | | ????# #??????????????????##?????????? | | ????# #?????????????????????????????? | | ????# ##################????????????? | | ????# #????????????? | | ????# #????????????? | | ????# #????????????? | | ????############+##+######????????????? | | ??????????????# #?????????????? | | ??????????????# """" #?????????????? | | ??????????????# "??"" #?????????????? | | ??????????????# "???"" #?????????????? | | ??????????????# ""???" #?????????????? | | ??????????????# ""??" #?????????????? | | ??????????????# """" #?????????????? | +----------------------------------------------------+ Best States ------------- Heat Dissipation 28 Coolant Potential 50 Energy Generation 15 Energy Capacity 275 Matter Stores 300 Matter Capacity 300 Sight Range 16 Terrain Scan Density 10 ECM Strength 1 Resistance: KI 35 Resistance: TH 35 Resistance: EX 35 Resistance: EM 35 Resistance: I 35 Resistance: S 35 Resistance: P 35 Core Shielding 20 Evasion (%) 40 Offensive Hacking 20 Item Schematics ----------------- None Robot Schematics ------------------ None Fabricated ------------ Nothing Alien Tech Used ----------------- None Achievements -------------- None Challenges ------------ None Game ------ Seed SeismicBackupNanovents Manual? 0 Play Time 00:12:45 Cumulative 17.5 hours Start 2021.02.05 @ 14:01:04 End 2021.02.05 @ 14:12:56 Sessions 1 Manual Loads 0 Difficulty Explorer Special Mode None Game No. 23 Rogue 21 Adventurer 0 Explorer 2 Win Type - Total 0 Types 0/0/0/0/0/0/0/0/0 Lore% 19 Gallery% 22 Achievement% 17 Wizard Run 0 Options --------- ASCII 0 Keyboard 0 Movement Mouse Keybinds 0 Fullscreen 1 Font 18/SmallcapsGlow Map View 76x50 Tactical HUD 0 Map Filters NONE Filters NONE Steam 1 RUN: bf1ab060-541f-4057-b39c-0a3759c10b1a